AoeStats
← perromelocoton

Arena

505864431Analyzed
2v2 RM · 22d ago on Sep 11, 2026· 41m 41s· 4 players
Game mode
Random Map
Map size
Medium (4 player)
Population
200
Speed
Normal
Resources
Standard
Victory
Conquest
Starting age
Dark Age
Ending age
Imperial Age
RankedLock teamsTeams togetherTeam positionsShared explorationLock speedFull tech treeHidden civsTurbo modeCheats
Victory
Defeat
🇸🇪 Poles · Sweden
1066
+14
🇨🇳 Turks · China
1061
+14
🇪🇸 Goths · Spain
1039
-14
🇨🇴 Vietnamese · Colombia
1017
-14
Tutmosis
10:26 Feudal Age
15:26 Castle Age
13:48 Double-Bit Axe
13:45 Horse Collar
15:51 Wheelbarrow
15:25 Gold Mining
20:54 Hand Cart
27:58 Heavy Plow
28:12 Bow Saw
28:20 Fletching
29:20 Stone Mining
33:50 Imperial Age
32:57 Scale Mail Armor
33:08 Forging
32:54 Bodkin Arrow
33:00 Padded Archer Armor
33:57 Chain Mail Armor
34:05 Town Watch
38:44 Leather Archer Armor
38:30 Bracer
39:23 Elite Skirmisher
40:09 Thumb Ring
41:03 Ring Archer Armor
40:32 Imperial Skirmisher
perromelocoton
1:07 Loom
9:52 Feudal Age
10:19 Double-Bit Axe
14:38 Castle Age
13:21 Horse Collar
13:16 Man-at-Arms
19:00 Long Swordsman
22:37 Bow Saw
24:06 Wheelbarrow
24:25 Fervor
24:11 Gold Mining
24:34 Heavy Plow
30:03 Imperial Age
27:50 Squires
28:35 Scale Mail Armor
28:45 Forging
28:15 Pikeman
29:58 Anarchy
30:20 Chain Mail Armor
31:06 Conscription
31:04 Stone Mining
32:33 Iron Casting
33:41 Elite Huskarl
34:58 Perfusion
39:32 Blast Furnace
39:03 Scale Barding Armor
39:32 Crop Rotation
39:47 Light Cavalry
40:38 Bloodlines
40:29 Husbandry
sthlm
8:20 Loom
8:43 Loom
11:15 Feudal Age
13:14 Horse Collar
13:26 Double-Bit Axe
17:28 Castle Age
16:54 Bloodlines
17:20 Scale Barding Armor
22:36 Husbandry
36:01 Imperial Age
33:00 Light Cavalry
34:32 Wheelbarrow
34:46 Scale Mail Armor
34:58 Forging
38:07 Winged Hussar
39:44 Heavy Plow
40:15 Hand Cart
40:47 Chain Barding Armor
41:45 Lechitic Legacy
西湖歌舞几时休
9:23 Loom
11:53 Feudal Age
13:08 Double-Bit Axe
13:05 Horse Collar
15:52 Castle Age
14:50 Gold Mining
20:00 Bow Saw
19:59 Heavy Plow
23:47 Wheelbarrow
25:54 Ballistics
26:08 Hand Cart
25:46 Fletching
31:30 Imperial Age
29:48 Stone Mining
30:36 Gold Shaft Mining
30:30 Padded Archer Armor
31:00 Treadmill Crane
31:21 Murder Holes
31:51 Leather Archer Armor
32:49 Bombard Tower
32:41 Fortified Wall
33:23 Artillery
35:56 Ring Archer Armor
37:19 Masonry
38:34 Squires
39:28 Bodkin Arrow
39:39 Scale Barding Armor
39:44 Thumb Ring
Connection lost

Rejoining the realm…

Still unreachable

The connection could not be restored.

Session expired

The server has moved on; the page needs a fresh start.